AoeStats
← AndreTheGiant34

Arena

510457003Analyzed
2v2 RM · 6h ago on Oct 1, 2026· 34m 47s· 4 players
Game mode
Random Map
Map size
Medium (4 player)
Population
200
Speed
Normal
Resources
Standard
Victory
Conquest
Starting age
Dark Age
Ending age
Imperial Age
RankedLock teamsTeams togetherTeam positionsShared explorationLock speedFull tech treeHidden civsTurbo modeCheats
Victory
Defeat
🇲🇽 Franks · Mexico
775
+17
🇲🇽 Maya · Mexico
755
+29
🇺🇸 Celts · United States
786
-17
🇺🇸 Bohemians · United States
786
-17
omarrios981
0:26 Loom
11:04 Feudal Age
13:22 Double-Bit Axe
13:20 Horse Collar
15:45 Castle Age
14:45 Wheelbarrow
16:50 Bow Saw
17:14 Heavy Plow
18:48 Hand Cart
27:44 Imperial Age
25:36 Padded Archer Armor
25:51 Gold Mining
26:18 Eagle Warrior
26:58 Squires
26:44 Arson
27:04 Scale Mail Armor
26:55 Fletching
28:17 Forging
29:42 Chemistry
29:02 Ballistics
30:09 Chain Mail Armor
29:50 Bodkin Arrow
31:00 Elite Plumed Archer
33:18 Elite Eagle Warrior
hervey431
12:36 Feudal Age
17:22 Castle Age
19:11 Double-Bit Axe
20:03 Wheelbarrow
26:37 Bow Saw
30:13 Imperial Age
29:04 Stone Mining
29:04 Gold Mining
31:49 Ordonnance Companies
32:30 Chivalry
AndreTheGiant34
13:08 Feudal Age
13:40 Double-Bit Axe
13:40 Horse Collar
20:35 Castle Age
18:34 Gold Mining
18:39 Stone Mining
20:18 Forging
22:59 Stone Shaft Mining
23:13 Gold Shaft Mining
23:08 Heavy Plow
23:27 Bow Saw
24:51 Ballistics
27:29 Loom
27:12 Pikeman
28:20 Fortified Wall
29:05 Scale Mail Armor
29:35 Masonry
30:26 Iron Casting
30:13 Chain Mail Armor
34:17 Imperial Age
32:47 Wheelbarrow
34:12 Man-at-Arms
bt.wall.20
10:57 Feudal Age
10:33 Loom
16:01 Castle Age
14:23 Double-Bit Axe
14:42 Horse Collar
18:25 Fervor
19:37 Bow Saw
20:49 Heavy Plow
26:03 Imperial Age
27:26 Chemistry
28:37 Wheelbarrow
28:44 Conscription
30:23 Two-Man Saw
29:16 Town Watch
29:58 Ballistics
32:18 Padded Archer Armor
32:19 Scale Mail Armor
33:33 Leather Archer Armor
33:35 Hand Cart
32:57 Elite Skirmisher
35:09 Masonry
Connection lost

Rejoining the realm…

Still unreachable

The connection could not be restored.

Session expired

The server has moved on; the page needs a fresh start.